 Dungeon Crawl Stone Soup version 0.16.1 (console) character file.

98 gw the Chiller (level 4, 0/35 HPs)
             Began as a Demigod Ice Elementalist on Mar 23, 2015.
             Slain by a gnoll
             ... wielding a +0 spear
              (8 damage)
             ... on level 3 of the Dungeon.
             The game lasted 00:02:30 (3276 turns).

gw the Chiller (Demigod Ice Elementalist)           Turns: 3276, Time: 00:02:30

Health: 0/35       AC:  7    Str: 11    XL:     4   Next: 21%
Magic:  0/11       EV: 12    Int: 21    God:
Gold:   84         SH:  0    Dex: 16    Spells: 3 memorised, 2 levels left

rFire  . . .     SeeInvis .     a - +1 short sword
rCold  + . .     Clarity  .     f - +0 robe
rNeg   . . .     SustAb   +     (no shield)
rPois  .         Gourm    .     (helmet restricted)
rElec  .         Spirit   .     (no cloak)
rCorr  .         Warding  .     (no gloves)
rMut   .         Stasis   .     (no boots)
MR     .....                    (no amulet)
Stlth  ++........               (no ring)
                                (no ring)

@: icy armour (expiring), very slightly contaminated, not resistant to hostile
enchantments, unstealthy
A: horns 1, cold resistance 1, mutation resistance 1, sustain abilities
a: no special abilities


You were on level 3 of the Dungeon.
You were not hungry.

You visited 1 branch of the dungeon, and saw 3 of its levels.

You collected 84 gold pieces.

Inventory:

Hand weapons
 a - a +1 short sword (weapon)
Missiles
 d - 22 arrows
Armour
 f - a +0 robe (worn)
Scrolls
 i - 2 scrolls of identify
 l - 2 scrolls of recharging
 m - a scroll of remove curse
 q - a scroll of enchant armour
Potions
 c - a potion of cancellation
 e - a potion of ambrosia {unknown}
Books
 b - a book of Frost

   Spells                             Type                      Level
   a - Freeze                         Ice                          1
   b - Throw Frost                    Conjuration/Ice              2
   c - Ozocubu's Armour               Charms/Ice                   3
   d - Throw Icicle                   Conjuration/Ice              4
   e - Summon Ice Beast               Ice/Summoning                4
   f - Condensation Shield            Ice                          4
 g - a Fen Folio

   Spells                             Type                      Level
   a - Corpse Rot                     Necromancy                   2
   b - Stone Arrow                    Conjuration/Earth            3
   c - Leda's Liquefaction            Hexes/Earth                  4
   d - Summon Forest                  Summoning/Translocation      5
   e - Hydra Form                     Transmutation                6
   f - Summon Hydra                   Summoning                    7
Comestibles
 h - a beef jerky
 j - a meat ration
 o - a bread ration


   Skills:
 + Level 1.5 Fighting
 + Level 0.6 Short Blades
 + Level 1.5 Armour
 - Level 1.7 Dodging
 - Level 1.7 Stealth
 * Level 2.7 Spellcasting
 - Level 0.8 Conjurations
 + Level 2.9 Ice Magic


You had 2 spell levels left.
You knew the following spells:

 Your Spells              Type           Power        Failure   Level  Hunger
a - Freeze                Ice            ###.         4%          1    None
b - Throw Frost           Conj/Ice       ##....       12%         2    ##.....
c - Ozocubu's Armour      Chrm/Ice       #.......     24%         3    ###....


Dungeon Overview and Level Annotations

Branches:
Dungeon (3/15)


Innate Abilities, Weirdness & Mutations

Your attributes are resistant to harm.
You have a pair of small horns on your head.
Your flesh is cold resistant.
You are somewhat resistant to further mutation.


Message History

Unknown command.
Unknown command.
Unknown command.
Unknown command.
ATTACK MOVE TO (0,1)
You hit the gnoll.
The gnoll is severely wounded.
The goblin shouts!
The gnoll hits you but does no damage.
The gnoll hits you with an enchanted flail.
The gnoll misses you.
Unknown command.
Unknown command.
Unknown command.
Unknown command.
ATTACK MOVE TO (0,1)
You hit the gnoll. You headbutt the gnoll.
The gnoll is almost dead.
The gnoll hits you from afar with a spear!
You die...

.....# ... .....###. .(.
.........# #.# ...#####.
. #g# .......). #. #.#
......## #. #.# #
.........$###.##.##.#....
......###.............#
)###.........../p##.#....
.o# #.. ........gg.....#
#o.# .......gK#.#.##
.o... #.$.##..## #
#...... ..## ##.# #.....
... .... ##. ##. . .


You could see 3 gnolls, a goblin and a kobold.

Table legend:
 A = Turns spent in this place as a percentage of turns spent in the entire game.
 B = Non-inter-level travel turns spent in this place as a percentage of non-inter-level travel turns spent in the entire game.
 C = Inter-level travel turns spent in this place as a percentage of turns spent in this place.
 D = Turns resting spent in this place as a percentage of non-inter-level travel turns spent in this place.
 E = Turns spent auto-exploring this place as a percentage of non-inter-level travel turns spent in this place.
 F = Non-inter-level travel turns spent in this place divided by the number of levels of this place that you've seen.
                   A       B       C       D       E      F
               +-------+-------+-------+-------+-------+----------------------
         Total | 100.0 | 100.0 |   0.4 |   3.1 |   3.0 | 1125.7
       Dungeon | 100.0 | 100.0 |   0.4 |   3.1 |   3.0 | 1125.7
               +-------+-------+-------+-------+-------+----------------------

Table legend:
 A = Kills in this place as a percentage of kills in entire the game.
 B = Kills by you in this place as a percentage of kills by you in the entire game.
 C = Kills by friends in this place as a percentage of kills by friends in the entire game.
 D = Other kills in this place as a percentage of other kills in the entire game.
 E = Experience gained in this place as a percentage of experience gained in the entire game.
 F = Experience gained in this place divided by the number of levels of this place that you have seen.
                   A       B       C       D       E      F
               +-------+-------+-------+-------+-------+----------------------
         Total | 100.0 | 100.0 |  -nan |  -nan | 100.0 |  47.0
       Dungeon | 100.0 | 100.0 |  -nan |  -nan | 100.0 |  47.0
               +-------+-------+-------+-------+-------+----------------------

Vanquished Creatures
  A gnoll (D:3)
  2 giant mites
  3 adders
  An orc (D:3)
  6 bats (D:1)
  2 giant cockroaches
  7 goblins
  4 hobgoblins
  3 jackals (D:1)
  A quokka (D:3)
  A ball python (D:1)
  6 giant newts
  5 kobolds
  10 rats
52 creatures vanquished.

Notes
Turn   | Place    | Note
--------------------------------------------------------------
     0 | D:1      | gw, the Demigod Ice Elementalist, began the quest for the Orb.
     0 | D:1      | Reached XP level 1. HP: 14/14 MP: 3/3
   489 | D:1      | Reached skill level 1 in Fighting
   489 | D:1      | Reached XP level 2. HP: 20/23 MP: 0/5
   546 | D:1      | Learned a level 2 spell: Throw Frost
  1514 | D:1      | Reached XP level 3. HP: 28/28 MP: 2/8
  1571 | D:1      | Learned a level 3 spell: Ozocubu's Armour
  1965 | D:2      | Reached skill level 1 in Armour
  3157 | D:2      | Gained mutation: Your flesh is cold resistant. [potion of mutation]
  3157 | D:2      | Gained mutation: You have a pair of small horns on your head. [potion of mutation]
  3157 | D:2      | Gained mutation: You are somewhat resistant to further mutation. [potion of mutation]
  3261 | D:3      | Reached XP level 4. HP: 35/35 MP: 0/11
  3276 | D:3      | Slain by a gnoll

Action                   |  1- 3 |  4- 6 || total
-------------------------+-------+-------++-------
Melee: Short sword       |     5 |     8 ||    13
 Cast: Freeze            |    38 |     2 ||    40
       Throw Frost       |    37 |       ||    37
       Ozocubu's Armour  |     3 |       ||     3
  Use: Scroll            |     6 |     1 ||     7
       Potion            |     6 |       ||     6
  Eat: Chunk             |     5 |       ||     5
       Bread ration      |     2 |       ||     2

Vault maps used:
D:1:      tarquinn_simple_flora_water_f, minmay_rat_gold_closets
D:2:      first_bread
D:3:      roderic_serpentine_path
